 Dungeon Crawl Stone Soup version 0.31-a0-150-g89dc3ad700 (webtiles) character file.

Game seed: 9903995496434888183

141 qw the Shooter (level 5, 0/32 HPs)
             Began as a Gargoyle Hunter on June 8, 2023.
             Killed from afar by a white imp (8 damage)
             ... with a puff of frost
             ... on level 3 of the Dungeon.
             The game lasted 00:00:55 (1771 turns).

qw the Shooter (Gargoyle Hunter)                    Turns: 1771, Time: 00:00:55

Health: 0/32       AC: 10    Str: 15    XL:     5   Next: 24%
Magic:  5/5        EV: 16    Int:  9    God:
Gold:   101        SH:  0    Dex: 15    Spells: 4/4 levels left

rFire   . . .        Y - +0 shortbow (drain)
rCold   . . .        (shield currently unavailable)
rNeg    + . .        f - +0 ring mail
rPois   inf          (no helmet)
rElec   +            (no cloak)
rCorr   +            (no gloves)
SInv    .            j - +0 pair of boots
Will    .....        (no amulet)
Stlth   +            h - ring of resist corrosion
HPRegen 0.25/turn    k - +5 ring of evasion
MPRegen 0.09/turn

%: no passive effects
@: no status effects
A: sickness immunity, AC +4, negative energy resistance 1, electricity
resistance, torment resistance 1, petrification resistance
a: no special abilities


You were on level 3 of the Dungeon.
You visited 1 branch of the dungeon, and saw 3 of its levels.

You collected 101 gold pieces.


Innate Abilities, Weirdness & Mutations

You are immune to sickness and miasma.
Your stone body is resilient. (AC +4)
You are immune to poison.
You resist negative energy. (rN+)
You are resistant to electric shocks. (rElec)
You are resistant to unholy torment.
You are immune to petrification.


   Skills:
 - Level 3.0 Fighting
 + Level 5.9 Ranged Weapons
 - Level 1.2 Armour
 - Level 1.5 Dodging
 - Level 1.1 Stealth


You had 4 spell levels left.
You didn't know any spells.
Your spell library was empty.

Inventory:

Hand Weapons
 Y - a +0 shortbow of draining (weapon)
Armour
 b - the +4 ring mail of Xekatish {Dex+2}
   (You found it on level 3 of the Dungeon)

   Dex:       It affects your dexterity (+2).
 f - a +0 ring mail (worn)
 j - a +0 pair of boots (worn)
Jewellery
 h - a ring of resist corrosion (left hand)
 k - a +5 ring of evasion (right hand)
Scrolls
 a - a scroll of identify
Potions
 d - a potion of degeneration {unknown}
 e - a potion of mutation {unknown}
 i - a potion of heal wounds {unknown}
 l - a potion of enlightenment {unknown}

Dungeon Overview and Level Annotations

Branches:
Dungeon (3/15)

Altars:
Zin

Shops:
D:1 :   D:2 =!((


Message History

You shoot an arrow. The arrow hits the white imp.
The white imp is lightly wounded.
The white imp gestures at you. The puff of frost hits you.
You shoot an arrow. The arrow barely misses the white imp.
You shoot an arrow.
The arrow closely misses the giant cockroach.
The white imp gestures at you. The puff of frost hits you!
You shoot an arrow. The arrow hits the giant cockroach!
You kill the giant cockroach!
You shoot an arrow. The arrow hits the white imp.
The white imp is lightly wounded.
The white imp gestures at you.
The puff of frost hits you but does no damage.
The white imp gestures at you. The puff of frost misses you.
You shoot an arrow. The arrow hits the white imp.
The white imp is heavily wounded.
You shoot an arrow.
The arrow hits the white imp but does no damage.
The white imp is heavily wounded.
The white imp shouts, "Disclaim thyself, thou grime-gilt two-tin-hat pignut!"
You shoot an arrow. The arrow hits the white imp.
The white imp is heavily wounded.
The white imp completely misses you.
You shoot an arrow. The arrow closely misses the white imp.
The white imp barely misses you.
You shoot an arrow. The arrow barely misses the white imp.
The white imp misses you. The white imp hits you. The white imp freezes you.
You shoot an arrow. The arrow hits the white imp.
The white imp is severely wounded.
The white imp hits you. The white imp freezes you.
You shoot an arrow. The arrow closely misses the white imp.
The white imp gestures at you. The puff of frost hits you.
You shoot an arrow. The arrow closely misses the white imp.
The white imp gestures at you. The puff of frost hits you!
You die...

##########.###.......#
#.# ##...#..#### #.#
#.........# # ..
#.........# #.#
...##.........#....
...................
.................
..###.......#.... #.
#@.......#....
#5#)####......#
.$###.# .###.## ....
... .# # ..### .#.#.#
. ##.#.# . .


You could see a white imp.

Vanquished Creatures
  3 adders
  3 gnolls (D:3)
  3 worms (D:2)
  2 dart slugs
  2 orcs (D:3)
  3 endoplasms
  6 giant cockroaches
  10 goblins
  5 hobgoblins
  4 jackals (D:3)
  6 kobolds
  A quokka (D:3)
  3 ball pythons
  6 bats
  4 frilled lizards
  9 rats
70 creatures vanquished.

Notes
Turn   | Place    | Note
-------+----------+-------------------------------------------
     0 | D:1      | qw the Gargoyle Hunter began the quest for the Orb.
     0 | D:1      | Reached XP level 1. HP: 12/12 MP: 1/1
     0 | D:1      | 0 ||| qw: Version: 0.2-a-119-g7aa9181
     0 | D:1      | 0 ||| qw: Game counter: 2820
     0 | D:1      | 0 ||| qw: Always use a shield: true
     0 | D:1      | 0 ||| qw: God list: Okawaru
     0 | D:1      | 0 ||| qw: Allow faded altars: false
     0 | D:1      | 0 ||| qw: Do Orc after D:15 true
     0 | D:1      | 0 ||| qw: Do second Lair branch before Depths: true
     0 | D:1      | 0 ||| qw: Lair rune preference: random
     0 | D:1      | 0 ||| qw: Plans: Normal
     0 | D:1      | 0 ||| PLANNING D:1-11
   124 | D:1      | Reached XP level 2. HP: 17/17 MP: 2/2
   311 | D:1      | Reached XP level 3. HP: 21/21 MP: 3/3
   322 | D:1      | Found Nuolach's Book Boutique.
   395 | D:1      | Reached skill level 5 in Ranged Weapons
   701 | D:1      | 701 ||| DROPPING scarf of shadows.
   702 | D:1      | 702 ||| UPGRADING to ring of resist corrosion.
   703 | D:1      | 703 ||| READING 2 scrolls labelled EPIWNAUTYLA.
   704 | D:1      | 704 ||| READING scroll labelled DOIGHO MOGEBLEI.
   705 | D:1      | 705 ||| READING scroll labelled GOONUP ZOXZU.
   706 | D:1      | 706 ||| DROPPING scroll of noise.
   707 | D:1      | 707 ||| DROPPING scroll of butterflies.
   759 | D:2      | Found Awivavaz's Distillery.
   772 | D:2      | 772 ||| SHOPLISTING potion of cancellation (104 gold, have
                  | 47).
   772 | D:2      | 772 ||| SHOPLISTING potion of heal wounds (65 gold, have
                  | 47).
   772 | D:2      | 772 ||| SHOPLISTING potion of mutation (104 gold, have 47).
   983 | D:2      | Found Irao's Jewellery Shoppe.
   989 | D:2      | Reached skill level 3 in Fighting
  1006 | D:2      | 1006 ||| SHOPLISTING +5 ring of evasion (432 gold, have
                  | 71).
  1006 | D:2      | 1006 ||| SHOPLISTING +6 ring of dexterity (432 gold, have
                  | 71).
  1006 | D:2      | 1006 ||| SHOPLISTING ring "Hokem" {rElec rF- EV+5 Str+3}
                  | (591 gold, have 71).
  1006 | D:2      | 1006 ||| SHOPLISTING ring of resist corrosion (240 gold,
                  | have 71).
  1006 | D:2      | 1006 ||| SHOPLISTING ring of willpower (300 gold, have 71).
  1072 | D:2      | Reached XP level 4. HP: 15/28 MP: 4/4
  1338 | D:2      | Found a glowing silver altar of Zin.
  1373 | D:2      | Found Oduklaco's Weapon Shop.
  1378 | D:2      | Found Zinniur's Antique Weapon Shop.
  1468 | D:2      | 1468 ||| UPGRADING to +0 ring mail.
  1478 | D:2      | 1478 ||| DROPPING +0 leather armour.
  1479 | D:2      | 1479 ||| UPGRADING to +0 pair of boots.
  1484 | D:2      | 1484 ||| UPGRADING to +5 ring of evasion.
  1485 | D:2      | 1485 ||| READING 2 scrolls labelled KOFEUTW TUAMI.
  1486 | D:2      | 1486 ||| READING 3 scrolls labelled ZUMNAI VIUZXAKUER.
  1487 | D:2      | 1487 ||| READING scroll labelled IMMEOSCHA QIBRU.
  1488 | D:2      | 1488 ||| READING scroll labelled LOUKHL PAN SIMU.
  1489 | D:2      | 1489 ||| READING scroll labelled HIHENA OP ATH.
  1490 | D:2      | 1490 ||| DROPPING scroll of amnesia.
  1491 | D:2      | 1491 ||| DROPPING 2 scrolls of fear.
  1558 | D:3      | Reached skill level 1 in Armour
  1639 | D:3      | 1639 ||| Stepping ~*~*~tactically~*~*~ (outnumbered).
  1652 | D:3      | Reached XP level 5. HP: 32/32 MP: 5/5
  1746 | D:3      | Identified the +4 ring mail of Xekatish {Dex+2}
  1770 | D:3      | HP: 8/32 [white imp/puff of frost (2)]
  1771 | D:3      | Killed from afar by a white imp

Levels and vault maps discovered:
D:1:      tarquinn_simple_flora_water_a, layout_basic, serial_shops, shop,
          serial_bayou_pond_b, dk_noncrumbling_3
D:2:      layout_loops_ring, basic_altar, serial_shops, nicolae_diamond_shop,
          shop, shop_fountains, nicolae_shop_just_a_little_nook
D:3:      layout_loops_ring, due_unseen_surprise

Skill      XL: |  1  2  3  4 |
---------------+-------------+-----
Ranged Weapons | 5 |  5.9
Fighting       | 3 |  3.0
Armour         | 1 |  1.2
Dodging        | |  1.5
Stealth        | |  1.1

Action                     |  1- 3 |  4- 6 || total
---------------------------+-------+-------++-------
   Fire: Shortbow          |   124 |    77 ||   201
    Use: Scroll            |     3 |     5 ||     8
 Armour: Leather armour    |     7 |     4 ||    11
         Ring mail         |       |    10 ||    10
  Dodge: Dodged            |    14 |    41 ||    55

Table legend:
 A = Non-vault XP
 B = Vault XP
 C = Vault XP percentage of total XP
 D = Non-vault monster count
 E = Vault monster count
 F = Vault count percentage of total count
                 A         B        C        D         E       F
            +---------+---------+-------+---------+---------+-------
      Total |     198 |       4 |   2.0 |      68 |       2 |   2.9
            +---------+---------+-------+---------+---------+-------
        D:1 |      39 |       4 |   9.3 |      26 |       2 |   7.1
        D:2 |      63 |       0 |   0.0 |      24 |       0 |   0.0
        D:3 |      96 |       0 |   0.0 |      18 |       0 |   0.0
            +---------+---------+-------+---------+---------+-------
